 Dungeon Crawl Stone Soup version 0.30.1-3-gfc49f6343a (webtiles) character file.

Game seed: 11823026537422954295

73 safid the Chiller (level 4, -5/33 HPs)
             Began as a Merfolk Ice Elementalist on July 25, 2023.
             Slain by a gnoll
             ... wielding a +0 halberd
              (12 damage)
             ... on level 3 of the Dungeon.
             The game lasted 00:02:44 (1956 turns).

safid the Chiller (Merfolk Ice Elementalist)        Turns: 1956, Time: 00:02:45

Health: -5/33      AC:  2    Str:  8    XL:     4   Next: 27%
Magic:  8/8        EV: 12    Int: 16    God:
Gold:   132        SH:  0    Dex: 14    Spells: 7/8 levels left

rFire   . . .        j - +0 whip (elec)
rCold   . . .        (no shield)
rNeg    . . .        a - +0 robe
rPois   .            (no helmet)
rElec   .            (no cloak)
rCorr   .            (no gloves)
SInv    .            (no boots)
Will    .....        (no amulet)
Stlth   ++           (no ring)
HPRegen 0.25/turn    (no ring)
MPRegen 0.11/turn

%: no passive effects
@: no status effects
A: (nimble swimmer 2), mertail
a: no special abilities


You were on level 3 of the Dungeon.
You visited 1 branch of the dungeon, and saw 3 of its levels.

You collected 132 gold pieces.

Inventory:

Hand Weapons
 j - a +0 whip of electrocution (weapon)
Armour
 a - a +0 robe (worn)
Scrolls
 c - 2 scrolls of magic mapping {unknown}
 d - 2 scrolls of enchant armour {unknown}
 e - a scroll of torment {unknown}
 f - a scroll of identify {unknown}
 g - a scroll of enchant weapon {unknown}
 i - a scroll of blinking {unknown}
 k - a scroll of noise {unknown}
 n - a scroll of teleportation {unknown}
Potions
 b - a potion of magic
 h - a potion of flight {unknown}
 l - a potion of mutation {unknown}
 m - a potion of curing {unknown}


   Skills:
 + Level 2.2 Fighting
 - Level 2.6 Dodging
 - Level 2.1 Stealth
 + Level 2.8 Spellcasting
 + Level 5.0 Ice Magic


You had 7 spell levels left.
You knew the following spells:

 Your Spells              Type           Power      Damage    Failure   Level
a - Freeze                Ice            72%        1d8       2%          1

Your spell library contained the following spells:

 Spells                   Type           Power      Damage    Failure   Level
 Frozen Ramparts          Ice            36%        1d6       7%          3
 Ozocubu's Armour         Ice            18%        N/A       7%          3
 Summon Ice Beast         Ice/Summ       10%        N/A       56%         4


Dungeon Overview and Level Annotations

Branches:
Dungeon (3/15)

Altars:


Innate Abilities, Weirdness & Mutations

((You are very nimble when in or above water. (Stealth+, EV+, Speed+++)))
Your lower body shifts to a powerful aquatic tail in water.


Message History

You miss the adder.
The adder is moderately wounded.
The adder bites you.
You miss the adder.
The adder is moderately wounded.
The adder barely misses you. The adder misses you.
You hit the adder. Lightning courses through the adder!
You kill the adder!
Your Ice Magic skill increases to level 5!
You have reached level 4!
n - a scroll labelled LUFFOO ILEE
c - 2 scrolls labelled WITEAP LUIB (gained 1)
A gnoll comes into view. It is wielding a +0 whip.
Found 8 gold pieces.
A gnoll is nearby!
A gnoll comes into view. It is wielding a +0 halberd.
Found a scroll labelled TEUN TEOLOISE.
Found a stone staircase leading down.
A gnoll comes into view. It is wielding a +0 halberd.
The gnoll shouts! x2; You hear a shout!
The gnoll closely misses you. The gnoll closely misses you.
The gnoll barely misses you.
Casting: Freeze (safe; 2% risk of failure)
Confirm with . or Enter, or press ? or * to list all spells.
You don't know that spell.
Unknown command.
You hit the gnoll. Lightning courses through the gnoll!
You kill the gnoll!
The gnoll barely misses you. The gnoll hits you with a +0 halberd!
Things that are here:
a +0 halberd; a gnoll corpse You hit the gnoll but do no damage.
The gnoll closely misses you.
You hit the gnoll.
The gnoll is moderately wounded.
The gnoll barely misses you. The gnoll hits you with a +0 halberd!
* * * LOW HITPOINT WARNING * * *
You hit the gnoll.
The gnoll is heavily wounded.
The gnoll hits you with a +0 halberd!
You die...

......# #..###.#............####.
......####.###)..#..........# ..
............................###..
.....<########...................
......# #..##.>..........(..
......# #..####.....#..###.#
......# #...##........## #.##...
####.#.##.##....## #. ####
##....#@#..#........ #
.#.....#g#.##.#.###..
...........##.#.# ...
#.......##.##. .. .#
#.?.......:...#..#
##............. #.........#......
...$....#...##... .............
...


You could see a gnoll.

Vanquished Creatures
  An adder (D:3)
  A gnoll (D:3)
  3 dart slugs
  4 endoplasms
  A giant cockroach (D:2)
  5 goblins
  9 hobgoblins
  4 kobolds
  5 ball pythons
  7 bats
  3 frilled lizards
  3 rats
46 creatures vanquished.

Notes
Turn   | Place    | Note
-------+----------+-------------------------------------------
     0 | D:1      | safid the Merfolk Ice Elementalist began the quest for the
                  | Orb.
     0 | D:1      | Reached XP level 1. HP: 13/13 MP: 3/3
   154 | D:1      | Reached XP level 2. HP: 11/20 MP: 1/5
   155 | D:1      | Reached skill level 1 in Fighting
   270 | D:1      | Found a faded altar of an unknown god.
   607 | D:1      | Reached XP level 3. HP: 26/26 MP: 6/6
  1916 | D:3      | Reached skill level 5 in Ice Magic
  1916 | D:3      | Reached XP level 4. HP: 31/33 MP: 8/8
  1956 | D:3      | Slain by a gnoll

Illustrated notes

Levels and vault maps discovered:
D:1:      wander_arrival_lonely_grave, layout_basic,
          hellmonk_ecumenical_altar_crossroads, minmay_pentomino_p4
D:2:      layout_basic, kennysheep_generic_room_3
D:3:      layout_rooms, serial_shops, nicolae_shop_real_fake_doors

Skill      XL: |  1  2  3 |
---------------+----------+-----
Fighting       | 1 2 |  2.2
Ice Magic      | 5 |  5.0
Dodging        | |  2.6
Stealth        | |  2.1
Spellcasting   | |  2.8

Action                     |  1- 3 |  4- 6 || total
---------------------------+-------+-------++-------
  Melee: Unarmed           |     5 |       ||     5
         Club              |    11 |       ||    11
         Whip              |    87 |     4 ||    91
         Short sword       |     4 |       ||     4
         Punch             |     2 |       ||     2
   Cast: Freeze            |    15 |       ||    15
   Stab: Sleeping          |     7 |       ||     7
 Armour: Robe              |    18 |       ||    18
  Dodge: Dodged            |    77 |     6 ||    83
